 Dungeon Crawl Stone Soup version 0.30-a0-121-gb27577e5d9 (webtiles) character file.

Game seed: 3990104141742178785

150 DEFE the Shield-Bearer (level 5, 0/46 HPs)
             Began as a Meteoran Fighter on Sept 14, 2022.
             Slain by an orc
             ... wielding a +0 hand axe
              (2 damage)
             ... on level 3 of the Dungeon.
             The game lasted 00:02:24 (1119 turns).

DEFE the Shield-Bearer (Meteoran Fighter)           Turns: 1119, Time: 00:02:25

Health: 0/46       AC: 12    Str: 19    XL:     5   Next: 90%
Magic:  6/6        EV:  7    Int: 10    God:
Gold:   108        SH:  0    Dex: 13    Spells: 4/4 levels left

rFire   . . .      SeeInvis .    a - +0 war axe
rCold   . . .      Faith    .    (no shield)
rNeg    . . .      Spirit   .    i - +0 chain mail
rPois   .          Reflect  .    j - +0 helmet
rElec   .          Harm     .    (no cloak)
rCorr   .          Rampage  .    l - +0 pair of gloves
Will    .....                    (no boots)
Stlth   ..........               (no amulet)
HPRegen 0.15/turn                (no ring)
MPRegen 0.10/turn                (no ring)

@: mighty, glowing
A: sense surroundings 1, otherworldly, glowing, explore regen
a: no special abilities


You were on level 3 of the Dungeon.
You visited 1 branch of the dungeon, and saw 3 of its levels.

You collected 108 gold pieces.

Inventory:

Hand Weapons
 a - a +0 war axe (weapon)
Armour
 b - a +0 scale mail
 i - a +0 chain mail (worn)
 j - a +0 helmet (worn)
 l - a +0 pair of gloves (worn)
Scrolls
 c - a scroll of amnesia {unknown}
 e - 3 scrolls of teleportation {unknown}
 f - a scroll of torment {unknown}
 g - 3 scrolls of identify {unknown}
 h - 3 scrolls of enchant weapon {unknown}
 k - a scroll of blinking {unknown}


   Skills:
 + Level 4.2 Fighting
 + Level 3.8 Axes
 + Level 4.6 Armour
 + Level 4.7 Shields


You had 4 spell levels left.
You didn't know any spells.
Your spell library contained the following spells:

 Spells                   Type           Power      Damage    Failure   Level
 Ignite Poison            Fire/Tmut/Pois 0%         N/A       100%        3
 Mephitic Cloud           Conj/Pois/Air  0%         N/A       100%        3
 Freezing Cloud           Conj/Ice/Air   0%         6-21      100%        5


Dungeon Overview and Level Annotations

Branches:
Dungeon (3/15) Zot: 629

Altars:


Innate Abilities, Weirdness & Mutations

You passively map a small area around you.
You are easily found by Zot.
You glow in the dark.
You regain HP and MP as you explore.


Message History

Unknown command.
You slash the orc!
You kill the orc!
The orc priest barely misses you.
Unknown command.
You completely miss the orc priest.
The orc priest casts a cantrip, but nothing happens.
Unknown command.
You slash the orc priest!
You kill the orc priest!
Unknown command.
You closely miss the orc. The orc hits you but does no damage.
The orc hits you with a +0 dagger.
* * * LOW HITPOINT WARNING * * *
You take 4 damage, and have 8/46 hp.
Unknown command.
You barely miss the orc. The orc hits you with a +0 dagger.
* * * LOW HITPOINT WARNING * * *
You take 2 damage, and have 6/46 hp.
Unknown command.
You slash the orc!
You kill the orc!
Unknown command.
You slash the gnoll! The gnoll hits you with a +0 whip.
* * * LOW HITPOINT WARNING * * *
You take 4 damage, and have 2/46 hp.
Unknown command.
You slash the gnoll! The gnoll hits you but does no damage.
Unknown command.
Unknown command.
You slash the gnoll!
You kill the gnoll!
Unknown command.
You slice the gnoll!!
You kill the gnoll!
Unknown command.
You slash the gnoll!
You kill the gnoll!
The orc hits you with a +0 hand axe.
You die...

.... , * ....P, ,
#.P..P *....PP ,##
#######.#... ,..
#........... ..*
#.##...##### .#
#.##...######..#.##
#.##†#.##..@o...?..
#.##.##...###....##
**####..#####
,,...# * ... *****
,,..# * * > .♣..
*... , .. .. *## *
## .## ** , * , , *
*


You could see an orc.

Vanquished Creatures
  An orc priest (D:3)
  Terence (D:2)
  3 gnolls (D:3)
  2 adders
  A worm (D:2)
  A dart slug (D:1)
  2 orcs (D:3)
  5 bats
  2 endoplasms
  A giant cockroach (D:1)
  4 goblins (D:1)
  6 hobgoblins
  4 jackals (D:2)
  6 kobolds
  2 quokkas (D:1)
  8 ball pythons
  A frilled lizard (D:2)
  8 rats
58 creatures vanquished.

Vanquished Creatures (others)
  A plant (D:3)
1 creature vanquished.

Grand Total: 59 creatures vanquished

Notes
Turn   | Place    | Note
-------+----------+-------------------------------------------
     0 | D:1      | DEFE the Meteoran Fighter began the quest for the Orb.
     0 | D:1      | Reached XP level 1. HP: 19/19 MP: 2/2
   134 | D:1      | Reached XP level 2. HP: 26/26 MP: 3/3
   243 | D:1      | Reached XP level 3. HP: 28/31 MP: 4/4
   478 | D:1      | Glimpsed the power of Zot.
   559 | D:2      | Reached XP level 4. HP: 15/40 MP: 5/5
   682 | D:2      | Noticed Terence
   702 | D:2      | HP: 2/40 [Terence/+0 falchion (3)]
   704 | D:2      | Killed Terence
   930 | D:2      | Reached XP level 5. HP: 39/46 MP: 6/6
  1057 | D:2      | Glimpsed the power of Zot.
  1115 | D:3      | HP: 2/46 [gnoll/+0 whip (5)]
  1119 | D:3      | Slain by an orc

Illustrated notes

Levels and vault maps discovered:
D:1:      lightli_arrival_isolated_outpost, layout_basic
D:2:      layout_basic, dreamdust_ecumenical_altar_hidden_monk_grotto,
          uniq_terence
D:3:      layout_loops_corners, old_standard_altar, small_statue_intersection,
          grunt_ministairs_14, nicolae_grassy_gnolls, uniq_crazy_yiuf_cottage,
          uniq_jessica

Skill      XL: |  1  2  3  4 |
---------------+-------------+-----
Shields        | 4 |  4.7
Armour         | 4 |  4.6
Axes           | 3 |  3.8
Fighting       | 4 |  4.2

Action                   |  1- 3 |  4- 6 || total
-------------------------+-------+-------++-------
Melee: War axe           |    59 |    77 ||   136
  Use: Potion            |       |     2 ||     2
Armor: Scale mail        |    16 |       ||    16
       Chain mail        |    23 |    67 ||    90
Dodge: Dodged            |    27 |    22 ||    49

Table legend: (Time is in decaauts)
 A = Elapsed time spent in this place.
 B = Non-inter-level travel time spent in this place.
 C = Inter-level travel time spent in this place.
 D = Time resting spent in this place.
 E = Time spent auto-exploring this place.
 F = Levels seen in this place.
 G = Mean time per level.
                   A        B        C        D        E       F      G
               +--------+--------+--------+--------+--------+-----+--------+
         Total |   1169 |   1150 |     19 |    224 |    486 |   3 |  389.7 |
       Dungeon |   1169 |   1150 |     19 |    224 |    486 |   3 |  389.7 |
               +--------+--------+--------+--------+--------+-----+--------+

Top non-repeatable levels by time:
     D:2: 617 daAuts
     D:1: 504 daAuts
     D:3: 47 daAuts
